 Dungeon Crawl Stone Soup version 0.27-a0-808-g60bc5d92e6 (webtiles) character file.

Game seed: 4704186093032737157

175 polve the Slasher (level 5, -2/41 HPs)
             Began as a Demonspawn Abyssal Knight on Mar 28, 2021.
             Was a Believer of Lugonu.
             Killed from afar by Sigmund (6 damage)
             ... with a puff of flame
             ... on level 3 of the Dungeon.
             The game lasted 00:02:05 (2463 turns).

polve the Slasher (Demonspawn Abyssal Knight)       Turns: 2463, Time: 00:02:06

Health: -2/41      AC:  6    Str: 12    XL:     5   Next: 29%
Magic:  6/6        EV: 11    Int: 15    God:    Lugonu [**....]
Gold:   40         SH:  0    Dex: 12    Spells: 4/4 levels left

rFire    . . .     SeeInvis .   a - +2 falchion
rCold    . . .     Faith    .   (no shield)
rNeg     . . .     Spirit   .   b - +0 leather armour
rPois    .         Reflect  .   k - +0 helmet
rElec    .         Harm     .   (no cloak)
rCorr    +         Rampage  .   (no gloves)
Will     .....                  (no boots)
Stlth    +.........             (no amulet)
HPRegen  0.13/turn              d - ring of resist corrosion
MPRegen  0.10/turn              (no ring)

@: no status effects
A: thin metallic scales 1, spiny 1
a: Renounce Religion, Depart the Abyss, Bend Space


You were on level 3 of the Dungeon.
You worshipped Lugonu.
Lugonu was pleased with you.
You visited 1 branch of the dungeon, and saw 3 of its levels.
You visited the Abyss 1 time.

You collected 40 gold pieces.

Inventory:

Hand Weapons
 a - a +2 falchion (weapon)
Armour
 b - a +0 leather armour (worn)
 k - a +0 helmet (worn)
Jewellery
 d - a ring of resist corrosion (left hand)
 f - an amulet of magic regeneration
 h - a +6 ring of intelligence
 n - an amulet of guardian spirit
Scrolls
 e - 3 scrolls of teleportation
 g - a scroll of fog {unknown}
 i - 3 scrolls of identify {unknown}
 j - a scroll of noise {unknown}
 m - a scroll of blinking {unknown}
Potions
 c - a potion of ambrosia


   Skills:
 - Level 3.0 Fighting
 + Level 5.1 Long Blades
 - Level 1.7 Armour
 - Level 0.8 Dodging
 - Level 2.4 Invocations


You had 4 spell levels left.
You didn't know any spells.
Your spell library contained the following spells:

 Spells                   Type           Power      Damage    Failure   Level
 Animate Skeleton         Necr           0%         N/A       34%         1
 Apportation              Tloc           0%         N/A       34%         1
 Corona                   Hex            0%         N/A       34%         1
 Summon Small Mammal      Summ           0%         N/A       34%         1


Dungeon Overview and Level Annotations

Branches:
Dungeon (3/15)

Altars:
Elyvilon
Kikubaaqudgha
Makhleb

Annotations:
D:3 Sigmund


Innate Abilities, Weirdness & Mutations

You are partially covered in thin metallic scales. (AC +2)
You are partially covered in sharp spines.


Message History

No target in view!
No target in view!
No target in view!
No target in view!
No target in view!
No target in view!
No target in view!
No target in view!
No target in view!
No target in view!
No target in view!
No target in view!
No target in view!
No target in view!
No target in view!
No target in view!
No target in view!
A giant cockroach comes into view.
Something hits you! Something freezes you.
You barely miss something. Something hits you. Something freezes you.
Something hits you. Something freezes you.
You closely miss something. Something hits you. Something freezes you.
You hit something but do no damage. Something hits you!
* * * LOW HITPOINT WARNING * * *
Something freezes you.
* * * LOW HITPOINT WARNING * * *
You miss something. Something hits you.
* * * LOW HITPOINT WARNING * * *
Something freezes you.
* * * LOW HITPOINT WARNING * * *
The giant cockroach is struck by your spines.
The giant cockroach closely misses you.
You closely miss something.
The giant cockroach is struck by your spines.
You kill the giant cockroach!
Lugonu accepts your kill.
You hear some strange, mumbled words.
A puff of flame appears from out of thin air!
The puff of flame hits you.
You die...

.........#.#######
###......#.##
....###.###.#
#...#§...
#.########## ...
#.....#.#........#
.#
..._.............#
..
#.....#.#...>....#
#§...○#.#........#
###.# #.#...@....#
#.. #......{...#
#. ##.........# (
#.........#
##........#
#........#
........##
...#####..


There were no monsters in sight!

Vanquished Creatures
  2 orc wizards (D:3)
  Robin (D:2)
  4 adders
  A worm (D:2)
  2 dart slugs (D:2)
  6 orcs (D:3)
  6 bats
  7 endoplasms
  A giant cockroach (D:3)
  10 goblins
  6 hobgoblins (D:2)
  5 kobolds
  3 quokkas
  5 ball pythons (D:2)
  2 frilled lizards
  5 rats
66 creatures vanquished.

Notes
Turn   | Place    | Note
-------+----------+-------------------------------------------
     0 | Abyss:1  | polve the Demonspawn Abyssal Knight began the quest for the
                  | Orb.
     0 | Abyss:1  | Reached XP level 1. HP: 18/18 MP: 2/2
    44 | Abyss:1  | Noticed a chaos spawn
    48 | Abyss:1  | Noticed a raiju
    51 | D:1      | Escaped the Abyss
   265 | D:1      | Reached skill level 2 in Long Blades
   349 | D:1      | Gained mutation: You are partially covered in sharp spines.
                  | [demonic ancestry]
   349 | D:1      | Reached XP level 2. HP: 21/24 MP: 3/3
   394 | D:1      | Reached * piety under Lugonu
   554 | D:1      | You fall into a shaft and drop 1 floor!
   702 | D:2      | Reached skill level 3 in Long Blades
   771 | D:2      | Reached XP level 3. HP: 25/29 MP: 4/4
  1181 | D:2      | Found a burning altar of Makhleb.
  1192 | D:2      | Reached skill level 4 in Long Blades
  1192 | D:2      | Reached XP level 4. HP: 25/35 MP: 5/5
  1446 | D:2      | Noticed Robin
  1455 | D:2      | Killed Robin
  1459 | D:2      | Reached ** piety under Lugonu
  2231 | D:3      | HP: 1/35 [something (3)]
  2366 | D:3      | Gained mutation: You are partially covered in thin metallic
                  | scales. (AC +2) [demonic ancestry]
  2366 | D:3      | Reached XP level 5. HP: 41/41 MP: 6/6
  2375 | D:3      | Reached skill level 5 in Long Blades
  2443 | D:3      | Found an ancient bone altar of Kikubaaqudgha.
  2454 | D:3      | Noticed Sigmund
  2463 | D:3      | Killed from afar by Sigmund

Illustrated notes

Levels and vault maps discovered:
D:1:      matt_arrival_refuge, layout_basic, serial_co_window_serial,
          co_window_paths_a, co_window_corner_a, co_window_paths_a,
          co_window_paths_a, co_window_paths_a, co_window_corner_cb,
          co_window_corner_b, co_window_2corner, co_window_unsneaky_path_e
D:2:      layout_basic, chequers_temple_overflow_statue_of_worship,
          chequers_serial_rivers_micro_a, uniq_robin
D:3:      layout_rooms, nicolae_overflow_crystal_walls, lemuel_doored_altar,
          nicolae_ashenzari_skybound, nicolae_kikubaaqudgha_miasma_corner,
          uniq_sigmund, uniq_ijyb

Skill      XL: |  1  2  3  4  5 |
---------------+----------------+-----
Long Blades    | 2 3 4 5 |  5.1
Fighting       | |  3.0
Armour         | |  1.7
Dodging        | |  0.8
Invocations    | |  2.4

Action                   |  1- 3 |  4- 6 || total
-------------------------+-------+-------++-------
Melee: Falchion          |    56 |    58 ||   114
Invok: Depart the Abyss  |     1 |       ||     1
  Use: Scroll            |     2 |       ||     2
       Potion            |       |     3 ||     3
 Stab: Sleeping          |     1 |     1 ||     2
Armor: Leather armour    |    15 |     8 ||    23
Dodge: Dodged            |    35 |    23 ||    58
       Rpst.: Falchion   |    11 |     7 ||    18

Table legend: (Time is in decaauts)
 A = Elapsed time spent in this place.
 B = Non-inter-level travel time spent in this place.
 C = Inter-level travel time spent in this place.
 D = Time resting spent in this place.
 E = Time spent auto-exploring this place.
 F = Levels seen in this place.
 G = Mean time per level.
                   A        B        C        D        E       F      G
               +--------+--------+--------+--------+--------+-----+--------+
         Total |   2478 |   2443 |     35 |      0 |   2074 |   4 |  619.5 |
       Dungeon |   2427 |   2392 |     35 |      0 |   2031 |   3 |  809.0 |
         Abyss |     51 |     51 |      0 |      0 |     43 |   1 |   51.0 |
               +--------+--------+--------+--------+--------+-----+--------+

Top non-repeatable levels by time:
     D:2: 1255 daAuts
     D:1: 872 daAuts
     D:3: 300 daAuts
 Abyss:1: 51 daAuts
